 Dungeon Crawl Stone Soup version 0.17.0-57-g0e89251 (webtiles) character file.

2443 sugabear the Ducker (level 9, -2/55 HPs)
             Began as a Gargoyle Gladiator on Dec 7, 2015.
             Was a Believer of Nemelex Xobeh.
             Slain by an orc warrior
             ... wielding a +0 war axe
              (22 damage)
             ... on level 7 of the Dungeon.
             The game lasted 00:17:15 (7729 turns).

sugabear the Ducker (Gargoyle Gladiator)            Turns: 7729, Time: 00:17:15

Health: -2/55      AC: 11    Str: 18    XL:     9   Next: 49%
Magic:  21/21      EV: 15    Int: 10    God:    Nemelex Xobeh [**....]
Gold:   298        SH:  0    Dex: 13    Spells: 0 memorised, 8 levels left

rFire  . . .     SeeInvis .     J - +3 morningstar
rCold  . . .     Clarity  .     E - +2 robe {rN+}
rNeg   + + .     SustAt   .     (no shield)
rPois  ∞         Gourm    .     c - +0 helmet
rElec  +         Spirit   .     (no cloak)
rCorr  .         Warding  .     (no gloves)
rMut   .         Stasis   +     (no boots)
MR     ++...                    F - amulet of Attitude {Stasis MP+9}
Stlth  ++........               (no ring)
                                B - ring of protection from magic

@: cleaving, very resistant to hostile enchantments, unstealthy
A: talons 1, magic resistance 1, negative energy resistance 1, screaming 1,
electricity resistance, unbreathing, petrification resistance, rot immunity, AC
+5
a: Renounce Religion


You were on level 7 of the Dungeon.
You worshipped Nemelex Xobeh.
Nemelex Xobeh was pleased with you.
You were very hungry.

You visited 2 branches of the dungeon, and saw 8 of its levels.

You collected 298 gold pieces.

Inventory:

Hand Weapons
 J - a +3 morningstar (weapon)
Missiles
 d - 3 throwing nets (quivered)
 h - 11 tomahawks
Armour
 c - a +0 helmet (worn)
 y - the +3 leather armour "Aplaurphe" {+Blink rF- Str-5 SInv}
   (You found it on level 4 of the Dungeon)

   It affects your strength (-5).
   It makes you vulnerable to fire.
   It lets you see invisible.
   It lets you blink.
 E - a +2 robe of positive energy (worn)
Jewellery
 B - a ring of protection from magic (left hand)
 F - the amulet of Attitude (around neck) {Stasis MP+9}
   (You found it on level 5 of the Dungeon)

   [amulet of stasis]

   It prevents you from being teleported, slowed, hasted or paralysed.
   It affects your magic capacity (+9).
 I - an uncursed ring of sustain attributes {unknown}
Wands
 b - a wand of cold (0)
 x - a wand of disintegration (14)
 z - a wand of digging (1)
Scrolls
 a - a scroll of brand weapon {unknown}
 g - a scroll of fear {unknown}
 i - 2 scrolls of enchant armour
 l - a scroll of amnesia {unknown}
 m - 4 scrolls of identify
 p - a scroll of teleportation
 q - 2 scrolls of remove curse
 u - a scroll of noise {unknown}
 w - a scroll of magic mapping {unknown}
 D - a scroll of blinking
 H - a scroll of random uselessness {unknown}
Potions
 f - a potion of heal wounds {unknown}
 j - 2 potions of curing {unknown}
 n - 3 potions of degeneration {unknown}
 o - a potion of brilliance {unknown}
 s - 3 potions of might
 t - a potion of agility {unknown}
 v - 2 potions of resistance {unknown}
 G - a potion of haste
Miscellaneous
 K - a plain deck of war
 L - a legendary deck of war {drawn: 3}
 M - an ornate deck of war
Comestibles
 e - 3 bread rations
 k - 5 fruits
 r - 3 meat rations
 A - a slice of pizza
 C - a beef jerky


   Skills:
 + Level 5.7 Fighting
 + Level 6.5 Maces & Flails
 + Level 1.9 Throwing
 + Level 3.6 Armour
 + Level 6.6 Dodging
 + Level 3.1 Stealth
 * Level 4.0 Evocations


You had 8 spell levels left.
You didn't know any spells.

Dungeon Overview and Level Annotations

Branches:
Dungeon (7/15)             Temple (1/1) D:5

Altars:
Ashenzari
Cheibriados
Dithmenos
Elyvilon
Fedhas
Gozag
Kikubaaqudgha
Makhleb
Nemelex Xobeh
Qazlal
Ru
Sif Muna
Trog
Vehumet
Xom
Yredelemnul
Zin
The Shining One

Shops:
D:4 :


Innate Abilities, Weirdness & Mutations

You are resistant to torment.
Your stone body is resilient (AC +5).
You are immune to poison.
You resist negative energy.
You are resistant to electric shocks.
You can survive without breathing.
You are immune to petrification.
You are immune to rotting.
You have sharp toenails.
You are resistant to hostile enchantments.
You occasionally shout uncontrollably at your foes.


Message History

Your orc warrior hits the killer bee with a war axe!!
The killer bee dies!
Unknown command.
No target in view!
Unknown command.
No target in view!
Unknown command.
No target in view!
Unknown command.
The orc warrior is no longer charmed.
The orc warrior shouts!
The orc warrior hits you with a war axe!
You see here a dagger of protection.
You barely miss the orc warrior.
The orc warrior is moderately wounded.
You completely miss the orc warrior.
The orc warrior is moderately wounded.
The orc warrior hits you with a war axe!!
You die...
Your body disappears without a glow.

#...>... #...... #.....#
#.....# #.....# #.....#
#†(†..# #.o)..##
#)@....# #......##
#.......#
###############........#
...........KK...........
.)†.....................
........................
........................
.......................


You could see an orc warrior.

Vanquished Creatures
  Duvessa (D:5)
  A sky beast (D:7)
  An orc warrior (D:7)
  A phantom (D:5)
  2 centaurs
  An ogre (D:5)
  Blork the orc (D:5)
  A giant frog (D:7)
  Dowan (D:5)
  4 scorpions
  2 killer bees (D:7)
  4 crimson imps
  6 orc wizards
  5 hounds
  An orc priest (D:6)
  A giant frog zombie (D:5)
  A centaur skeleton (D:6)
  2 iguanas (D:4)
  4 worker ants
  2 hound skeletons
  A worker ant zombie (D:5)
  8 adders
  7 gnolls
  An ooze (D:3)
  2 adder skeletons
  4 worms
  3 giant geckos
  21 orcs
  8 goblins
  7 hobgoblins
  4 jackals
  2 quokkas
  A ball python (D:2)
  6 bats
  3 giant cockroaches
  A giant gecko skeleton (D:4)
  5 giant newts
  8 kobolds
  9 rats
143 creatures vanquished.

Vanquished Creatures (collateral kills)
  An orc warrior (D:6)
  A centaur (D:7)
  An ogre (D:6)
  A big kobold (D:7)
  4 killer bees (D:7)
  An orc priest (D:6)
  An orc wizard (D:4)
  A worker ant (D:4)
  4 orcs
  2 kobolds (D:7)
17 creatures vanquished.

Vanquished Creatures (others)
  A kobold (D:7)
1 creature vanquished.

Grand Total: 161 creatures vanquished

Notes
Turn   | Place    | Note
--------------------------------------------------------------
     0 | D:1      | sugabear the Gargoyle Gladiator began the quest for the Orb.
     0 | D:1      | Reached XP level 1. HP: 12/12 MP: 1/1
   309 | D:1      | Reached XP level 2. HP: 18/18 MP: 2/2
   707 | D:2      | Reached XP level 3. HP: 11/22 MP: 3/3
  1290 | D:2      | Reached XP level 4. HP: 24/27 MP: 4/4
  1823 | D:2      | Reached skill level 1 in Armour
  2110 | D:2      | Reached XP level 5. HP: 14/32 MP: 5/5
  2959 | D:5      | Entered Level 5 of the Dungeon
  2976 | D:4      | Got a bloodstained leather armour
  3004 | D:4      | Reached skill level 4 in Maces & Flails
  3037 | D:4      | Identified the +3 leather armour "Aplaurphe" {+Blink rF- Str-5 SInv} (You found it on level 4 of the Dungeon)
  3109 | D:4      | Reached skill level 1 in Evocations
  3154 | D:4      | Reached XP level 6. HP: 31/37 MP: 6/6
  3533 | D:4      | Found a sparkling altar of Nemelex Xobeh.
  3576 | D:4      | Became a worshipper of Nemelex Xobeh the Trickster
  3583 | D:4      | Found Ceonkaco's Book Shop.
  3644 | D:4      | Received a gift from Nemelex Xobeh
  3840 | D:4      | Found a basalt altar of Yredelemnul.
  3842 | D:4      | Found a sacrificial altar of Ru.
  3907 | D:4      | Reached XP level 7. HP: 21/41 MP: 8/8
  4075 | D:3      | Found a stormy altar of Qazlal.
  4091 | D:4      | Found a shimmering altar of Xom.
  4464 | D:4      | Reached skill level 1 in Stealth
  4802 | D:5      | Reached skill level 5 in Maces & Flails
  4836 | D:5      | Reached * piety under Nemelex Xobeh
  4905 | D:5      | Reached XP level 8. HP: 41/48 MP: 9/9
  4946 | D:5      | Reached skill level 5 in Dodging
  4981 | D:5      | Found a staircase to the Ecumenical Temple.
  4988 | Temple   | Entered the Ecumenical Temple
  5209 | D:5      | Noticed Duvessa
  5209 | D:5      | Noticed Dowan
  5228 | D:5      | Killed Duvessa
  5590 | D:5      | Received a gift from Nemelex Xobeh
  5615 | D:5      | Noticed a phantom
  5632 | D:5      | Killed a phantom
  5641 | D:5      | Killed Dowan
  5809 | D:5      | Noticed a centaur
  5822 | D:5      | Killed a centaur
  5822 | D:5      | Reached skill level 5 in Fighting
  5966 | D:5      | Got a steaming lead amulet
  5969 | D:5      | Identified the amulet of Attitude {Stasis MP+9} (You found it on level 5 of the Dungeon)
  6063 | D:5      | Noticed Blork the orc
  6185 | D:5      | Killed Blork the orc
  6208 | D:5      | Reached ** piety under Nemelex Xobeh
  6675 | D:6      | Received a gift from Nemelex Xobeh
  6802 | D:6      | Reached skill level 6 in Dodging
  6802 | D:6      | Reached XP level 9. HP: 52/54 MP: 11/11
  6953 | D:6      | Received a gift from Nemelex Xobeh
  6953 | D:6      | Received a gift from Nemelex Xobeh
  7650 | D:7      | Gained mutation: You occasionally shout uncontrollably at your foes. [mutagenic meat]
  7651 | D:7      | Gained mutation: You have sharp toenails. [mutagenic meat]
  7652 | D:7      | Gained mutation: You are resistant to hostile enchantments. [mutagenic meat]
  7729 | D:7      | Slain by an orc warrior

Action                   |  1- 3 |  4- 6 |  7- 9 || total
-------------------------+-------+-------+-------++-------
Melee: Flail             |   114 |   194 |   229 ||   537
       Morningstar       |       |       |    93 ||    93
Evoke: Wand              |     7 |     3 |     5 ||    15
       Deck              |       |     3 |    14 ||    17
  Use: Scroll            |       |     7 |       ||     7
 Stab: Sleeping          |       |       |     4 ||     4
       Invisible         |       |       |     3 ||     3
       Distracted        |       |       |     1 ||     1
  Eat: Chunk             |     1 |     8 |    16 ||    25
